 Dungeon Crawl Stone Soup version 0.27-a0-1123-g2f9bb313c0 (webtiles) character file.

Game seed: 15205238628004859948

200 Zeld the Chucker (level 5, -1/36 HPs)
             Began as an Octopode Fighter on May 3, 2021.
             Was an Initiate of Okawaru.
             Slain by a bullfrog (8 damage)
             ... in a sewer.
             The game lasted 00:05:11 (3717 turns).

Zeld the Chucker (Octopode Fighter)                 Turns: 3717, Time: 00:05:12

Health: -1/36      AC:  1    Str: 17    XL:     5   Next: 78%
Magic:  5/5        EV: 11    Int: 10    God:    Okawaru [......]
Gold:   84         SH:  9    Dex: 11    Spells: 4/4 levels left

rFire    . . .     SeeInvis .   a - +0 war axe
rCold    . . .     Faith    .   b - +0 kite shield
rNeg     . . .     Spirit   .   (helmet restricted)
rPois    .         Reflect  .   (no amulet)
rElec    .         Harm     .   (no ring)
rCorr    .         Rampage  .   (no ring)
Will     .....                  (no ring)
Stlth    ++........             (no ring)
HPRegen  0.12/turn              (no ring)
MPRegen  0.09/turn              (no ring)
                                (no ring)
                                (no ring)

@: no status effects
A: almost no armour, amphibious, 8 rings, camouflage 1, gelatinous body 1,
(nimble swimmer 1), tentacles
a: Renounce Religion


You were in a sewer.
You worshipped Okawaru.
Okawaru was noncommittal.
You visited 2 branches of the dungeon, and saw 7 of its levels.
You also visited: Sewer.

You collected 84 gold pieces.

Inventory:

Hand Weapons
 a - a +0 war axe (weapon)
Missiles
 h - 18 poisoned darts (quivered)
 n - 7 boomerangs
Armour
 b - a +0 kite shield (worn)
Wands
 k - a wand of mindburst (11)
Scrolls
 d - 4 scrolls of identify {unknown}
 i - a scroll of fog {unknown}
 j - a scroll of enchant weapon {unknown}
 l - 2 scrolls of teleportation {unknown}
Potions
 e - a potion of degeneration {unknown}
 f - a potion of flight {unknown}
 g - 2 potions of curing {unknown}
 m - a potion of heal wounds {unknown}
 o - a potion of haste {unknown}


   Skills:
 - Level 3.5 Fighting
 - Level 2.7 Axes
 * Level 4.1 Throwing
 - Level 3.0 Dodging
 - Level 3.5 Shields


You had 4 spell levels left.
You didn't know any spells.
Your spell library contained the following spells:

 Spells                   Type           Power      Damage    Failure   Level
 Summon Small Mammal      Summ           0%         N/A       86%         1
 Call Imp                 Summ           0%         N/A       94%         2
 Call Canine Familiar     Summ           0%         N/A       99%         3
 Confusing Touch          Hex            0%         N/A       99%         3
 Gell's Gravitas          Tloc           0%         N/A       99%         3
 Summon Guardian Golem    Hex/Summ       0%         N/A       99%         3
 Petrify                  Tmut/Erth      0%         N/A       100%        4
 Summon Ice Beast         Ice/Summ       0%         N/A       100%        4
 Summon Lightning Spire   Summ/Air       0%         N/A       100%        4
 Metabolic Englaciation   Hex/Ice        0%         N/A       100%        5
 Yara's Violent Unravell  Hex/Tmut       0%         3d3       100%        5


Dungeon Overview and Level Annotations

Branches:
Dungeon (6/15)             Temple (1/1) D:5           Sewer (1/1)

Altars:
Dithmenos
Elyvilon
Hepliaklqana
Kikubaaqudgha
Okawaru
Trog
Uskayaw
Vehumet
Wu Jian
Xom
Yredelemnul
Zin
The Shining One


Innate Abilities, Weirdness & Mutations

You cannot wear most types of armour.
You are amphibious.
You can wear up to eight rings at the same time.
Your skin changes colour to match your surroundings (Stealth+).
Your rubbery body absorbs attacks. (AC +1, EV +1)
((You are camouflaged near water. (Stealth+)))
You have tentacles for arms and can constrict up to eight enemies at once.


Message History

You kill the frilled lizard!
Okawaru accepts your kill.
A giant cockroach is nearby!
A giant cockroach is nearby!
A giant cockroach is nearby!
A giant cockroach is nearby!
You slash the giant cockroach!
You kill the giant cockroach!
Okawaru accepts your kill.
No target in view!
No target in view!
Found a scale mail.
No target in view!
Found a gate leading back out of this place.
A bullfrog comes into view.
A bullfrog is nearby!
A bullfrog comes into view.
The bullfrog gives a loud, deep croak!
The bullfrog hits you!
You barely miss the bullfrog. You grab the bullfrog.
You constrict the bullfrog. The bullfrog barely misses you.
The bullfrog closely misses you.
You barely miss the bullfrog.
The bullfrog is lightly wounded.
You completely miss the bullfrog. You constrict the bullfrog.
The bullfrog hits you. x3; You block the bullfrog's attack. x3
You are too injured to fight recklessly!
Okay, then.
Okay, then.
Okay, then.
Press: ? - help, v - describe, . - travel Some deep water.
Unknown command.
You hit the bullfrog.
The bullfrog is heavily wounded.
You hit the bullfrog. You constrict the bullfrog.
The bullfrog closely misses you. The bullfrog hits you!
* * * LOW HITPOINT WARNING * * *
You block the bullfrog's attack. The bullfrog hits you!
You die...

####### #.≈≈≈.##≈≈.
##≈≈≈≈≈###.≈≈≈.##≈≈.
##≈≈≈≈≈≈≈≈#.≈≈≈.##≈≈≈
##≈≈≈≈≈≈≈≈≈#.≈≈≈.##.≈.
#≈≈≈≈≈≈≈≈≈≈≈.≈≈≈.###≈#
#≈≈≈≈≈≈≈≈≈≈≈.≈≈≈.# #.#
##≈≈≈≈≈≈≈≈≈≈≈.≈≈≈.#
#.#
#≈≈≈≈≈≈.≈≈≈≈≈.≈≈≈.#
#∩#
#≈≈≈≈F@/≈≈≈≈≈≈≈≈≈.#
#.#
#≈≈≈≈F$[=≈≈≈≈≈≈≈≈.#
#∩#
#≈≈≈≈≈.$≈≈≈≈≈≈≈≈≈.#
#.#
#≈≈≈≈≈..≈≈≈≈≈≈≈≈≈.#
###
#≈≈≈≈≈.≈.≈≈≈≈≈≈≈≈.#
##≈≈≈.≈...≈≈≈≈≈≈≈.#
#≈≈∩.≈≈≈≈≈≈≈≈≈≈≈.#
#≈≈≈..≈≈≈≈≈≈≈≈≈≈.
#≈≈≈≈≈≈≈≈≈≈≈≈≈≈


You could see 2 bullfrogs.

Vanquished Creatures
  An ogre (D:5)
  3 adders
  An ufetubus (D:5)
  3 worms (D:2)
  A dart slug (D:1)
  7 orcs (D:3)
  6 ball pythons
  3 bats
  4 endoplasms (D:1)
  5 giant cockroaches
  4 goblins
  6 hobgoblins
  2 jackals (D:1)
  5 quokkas
  3 frilled lizards
  7 kobolds
  4 rats
65 creatures vanquished.

Notes
Turn   | Place    | Note
-------+----------+-------------------------------------------
     0 | D:1      | Zeld the Octopode Fighter began the quest for the Orb.
     0 | D:1      | Reached XP level 1. HP: 16/16 MP: 1/1
   139 | D:1      | Reached XP level 2. HP: 14/21 MP: 2/2
  1144 | D:1      | Reached XP level 3. HP: 19/26 MP: 3/3
  2058 | D:2      | Reached skill level 1 in Throwing
  2058 | D:2      | Reached XP level 4. HP: 21/31 MP: 4/4
  2378 | D:2      | Found a faded altar of an unknown god.
  2790 | D:3      | Reached skill level 2 in Throwing
  3313 | D:3      | You fall into a shaft and drop 3 floors!
  3352 | D:5      | Entered Level 5 of the Dungeon
  3507 | D:5      | Found a staircase to the Ecumenical Temple.
  3518 | Temple   | Entered the Ecumenical Temple
  3581 | Temple   | Became a worshipper of Warmaster Okawaru
  3621 | D:5      | Noticed an ogre
  3640 | D:5      | Killed an ogre
  3641 | D:5      | Reached skill level 3 in Throwing
  3641 | D:5      | Reached XP level 5. HP: 36/36 MP: 5/5
  3653 | D:4      | Found a glowing drain.
  3661 | D:4      | Reached skill level 4 in Throwing
  3669 | Sewer    | Entered a sewer
  3717 | Sewer    | Slain by a bullfrog

Illustrated notes

Levels and vault maps discovered:
D:1:      minmay_arrival_open_corners, layout_loops_ring
D:2:      layout_basic, hellmonk_ecumenical_altar_inner_sanctum
D:3:      layout_basic
D:4:      layout_cave_pools, portal_sewer_entry_f
D:5:      layout_loops_ring, minitemple, minmay_temple_entry_ruins,
          serial_glass, glass_columns_b, glass_columns_a, glass_columns_b
D:6:      layout_basic, kennysheep_mini, serial_shops, nicolae_shop_stone,
          uniq_blork_the_orc, uniq_crazy_yiuf_cottage, uniq_eustachio
Temple:   nicolae_temple_god_jail
Sewer:    sewer_frog_island_01

Skill      XL: |  1  2  3  4  5 |
---------------+----------------+-----
Throwing       | 1 3 4 |  4.1
Fighting       | |  3.5
Axes           | |  2.7
Dodging        | |  3.0
Shields        | |  3.5

Action                   |  1- 3 |  4- 6 || total
-------------------------+-------+-------++-------
Melee: War axe           |    48 |    56 ||   104
       Constrict         |    15 |    18 ||    33
       Tentacles         |    11 |     9 ||    20
Throw: Dart              |       |     3 ||     3
  Use: Potion            |       |     1 ||     1
 Stab: Sleeping          |     6 |    10 ||    16
       Distracted        |     1 |       ||     1
Armor: Skin              |       |     1 ||     1
Dodge: Dodged            |    16 |    23 ||    39
Block: Kite shield       |    23 |    22 ||    45

Table legend: (Time is in decaauts)
 A = Elapsed time spent in this place.
 B = Non-inter-level travel time spent in this place.
 C = Inter-level travel time spent in this place.
 D = Time resting spent in this place.
 E = Time spent auto-exploring this place.
 F = Levels seen in this place.
 G = Mean time per level.
                   A        B        C        D        E       F      G
               +--------+--------+--------+--------+--------+-----+--------+
         Total |   3779 |   3683 |     96 |      0 |   3196 |   8 |  472.4 |
       Dungeon |   3645 |   3565 |     80 |      0 |   3117 |   6 |  607.5 |
        Temple |     80 |     64 |     16 |      0 |     54 |   1 |   80.0 |
         Sewer |     52 |     52 |      0 |      0 |     25 |   1 |   52.0 |
               +--------+--------+--------+--------+--------+-----+--------+

Top non-repeatable levels by time:
     D:1: 1333 daAuts
     D:2: 1166 daAuts
     D:3: 864 daAuts
     D:5: 219 daAuts
  Temple: 80 daAuts
   Sewer: 52 daAuts
     D:6: 38 daAuts
     D:4: 22 daAuts
